AoeStats
← tanque99lobos

Arena

508771922Analyzed
1v1 RM · 7d ago on Sep 24, 2026· 25m 48s· 2 players
Game mode
Random Map
Map size
Tiny (2 player)
Population
200
Speed
Normal
Resources
Standard
Victory
Conquest
Starting age
Dark Age
Ending age
Imperial Age
RankedLock teamsTeams togetherTeam positionsShared explorationLock speedFull tech treeHidden civsTurbo modeCheats
Victory
Defeat
🇲🇽 Spanish · Mexico
518
+15
🇺🇸 Slavs · United States
507
-27
EarthTuna14240
3:30 Loom
11:04 Feudal Age
12:33 Double-Bit Axe
12:46 Gold Mining
14:02 Wheelbarrow
20:23 Horse Collar
21:05 Stone Mining
24:22 Castle Age
22:10 Town Watch
tanque99lobos
8:37 Loom
10:58 Feudal Age
15:53 Castle Age
Connection lost

Rejoining the realm…

Still unreachable

The connection could not be restored.

Session expired

The server has moved on; the page needs a fresh start.